cohdb
Replays
Latest Replays
All Replays
Popular Replays
Top Player Replays
Match Explorer
How It Works
Community
CoH3 Stats
Reddit
Sign in to upload your games and track your stats! →
Sign in with Steam
Match 45910573
Unlisted
Match 45910573
Overview
Messages
Build Orders
End
Panzergrenadier Squad
250 Light Carrier
Panzergrenadier Squad
Construct Light Support Kompanie
Combat Half-tracks
Fire Support Elements
Flakvierling Half-track
Vehicle Survival Package
Panzerjäger Mechanized Group
Construct Mechanized Kompanie
2.5-tonne Medical Truck
Selects Panzerjäger Kommand Battlegroup
Selects Mine Fields
Selects Defensive Positions
Veteran Squad Leaders
Panzerjäger Mechanized Group
Selects Butterfly Bomb Drop
Butterfly Bomb Drop
Forward Retreat Point
Marder III Tank Destroyer
Butterfly Bomb Drop
Selects Tank Busters
Emergency Repair Kits
StuG III D Assault Gun
Marder III Tank Destroyer
Butterfly Bomb Drop
Panzerjäger Mechanized Group
Construct Panzerarmee Kommand
Rapid Advance
Bartolomaeus Bart
[PD]Lurgi
[PD] [9C] [FT] Claudius Tacitus
Nico-Nico-Nii~~
Lutze
T.R. Olvadi
[PD]Folscher
Apache
0
0
Comments
sign in to comment!
No comments posted yet!